 Dungeon Crawl Stone Soup version 0.23-a0-385-gb2d5814 (webtiles) character file.

362 Cryolive the Digger (level 6, -2/36 HPs)
             Began as a Gargoyle Earth Elementalist on Oct 27, 2018.
             Slain by a bullfrog (4 damage)
             ... on level 4 of the Dungeon on Oct 28, 2018.
             The game lasted 00:08:56 (3555 turns).

Cryolive the Digger (Gargoyle Earth Elementalist)   Turns: 3555, Time: 00:08:57

Health: -2/36      AC:  7    Str: 11    XL:     6   Next: 66%
Magic:  0/10       EV: 12    Int: 18    God:
Gold:   277        SH:  0    Dex: 10    Spells: 2/11 levels left

rFire    x . .     SeeInvis .   q - +0 flail
rCold    + . .     Gourm    .   (no shield)
rNeg     + . .     Faith    .   c - +0 robe
rPois    ∞         Spirit   .   (no helmet)
rElec    +         Reflect  .   (no cloak)
rCorr    .         Harm     .   t - +0 pair of gloves
MR       .....                  (no boots)
Stlth    ++........             (no amulet)
HPRegen  0.12/turn              l - ring of ice
MPRegen  0.12/turn              n - ring of flight

@: no status effects
A: negative energy resistance 1, electricity resistance, unbreathing,
petrification resistance, rot immunity, AC +4
a: Evoke Flight


You were on level 4 of the Dungeon.
You were not hungry.

You visited 1 branch of the dungeon, and saw 4 of its levels.

You collected 277 gold pieces.

Inventory:

Hand Weapons
 q - a +0 flail (weapon)
 v - a cursed -2 whip
Missiles
 b - 124 stones (quivered)
Armour
 c - a +0 robe (worn)
 t - a +0 pair of gloves (worn)
Jewellery
 l - a ring of ice (left hand)
 n - a ring of flight (right hand)
Wands
 g - a wand of flame (13)
 h - a wand of random effects (46)
Scrolls
 a - 2 scrolls of identify {unknown}
 e - 3 scrolls of fog {unknown}
 k - a scroll of immolation {unknown}
 m - 2 scrolls of amnesia {unknown}
 p - a scroll of teleportation {unknown}
Potions
 f - a potion of agility {unknown}
 i - 2 potions of mutation {unknown}
 j - 4 potions of heal wounds {unknown}
 o - 3 potions of curing {unknown}
 r - a potion of magic {unknown}
 u - 2 potions of flight {unknown}
Comestibles
 d - 5 rations
 s - 2 chunks of flesh


   Skills:
 + Level 2.5 Fighting
 + Level 2.6 Armour
 + Level 2.6 Dodging
 - Level 2.1 Stealth
 + Level 3.1 Spellcasting
 + Level 2.1 Conjurations
   Level 0.7 Transmutations
 + Level 4.7 Earth Magic
 + Level 1.2 Evocations


You had 2 spell levels left.
You knew the following spells:

 Your Spells              Type           Power        Failure   Level  Hunger
a - Sandblast             Erth           ###...       2%          1    None
b - Stone Arrow           Conj/Erth      ###...       12%         3    ###....
c - Lee's Rapid Deconstr  Erth           ###.......   54%         5    ######.

Your spell library contained the following spells:

 Spells                   Type           Power        Failure   Level  Hunger
 Passwall                 Tmut/Erth      ##......     8%          2    ##.....
 Petrify                  Tmut/Erth      ##......     45%         4    ####...


Dungeon Overview and Level Annotations

Branches:
Dungeon (4/15)
 Temple: D:4-7

Altars:
The Shining One

Shops:
D:4 !

Annotations:
D:3 2 transporters, Think's ghost, amateur TeHu


Innate Abilities, Weirdness & Mutations

You are resistant to torment.
Your stone body is resilient. (AC +4)
You are immune to poison.
You resist negative energy. (rN+)
You are resistant to electric shocks. (rElec)
You can survive without breathing.
You are immune to petrification.
You are immune to rotting.


Message History

The bullfrog is almost dead.
The bullfrog hits you!
* * * LOW HITPOINT WARNING * * *
The bullfrog hits you.
* * * LOW HITPOINT WARNING * * *
The bullfrog barely misses you.
You miss the bullfrog.
The bullfrog is almost dead.
The bullfrog hits you.
* * * LOW HITPOINT WARNING * * *
The bullfrog hits you but does no damage.
Casting: Sandblast (safe; 2% risk of failure)
Confirm with . or Enter, or press ? or * to list all spells.
Aiming: Sandblast (safe; 2% risk of failure)
Press: ? - help, Shift-Dir - straight line, f/p - bullfrog
Aim: a bullfrog (almost dead)
The blast of sand misses the bullfrog.
b - 124 stones The bullfrog hits you.
You die...

...# #...# #.(. ...#
#..#.#..# ... ##..##.#.#
... #......#.# #
#.########.###÷.#.#.# #
...........# #..#.#.#.#.
..########.###...$......
....................####
.###########....@.### .#
###..F## .# #.#.. .#
#..... .###### #......
........ ...(...>
######## #.......#
##.....##


You could see a bullfrog.

Vanquished Creatures
  An ogre (D:4)
  A hound (D:4)
  3 orc wizards (D:4)
  Natasha (thrice) (D:2)
  2 adders
  A worm (D:4)
  3 dart slugs
  A leopard gecko (D:1)
  5 orcs (D:4)
  A ball python (D:3)
  6 bats
  5 giant cockroaches
  8 hobgoblins
  7 jackals
  2 quokkas
  3 frilled lizards (D:1)
  9 goblins
  5 kobolds
  4 rats
70 creatures vanquished.

Notes
Turn   | Place    | Note
-------+----------+-------------------------------------------
     0 | D:1      | Cryolive the Gargoyle Earth Elementalist began the quest
                  | for the Orb.
     0 | D:1      | Reached XP level 1. HP: 10/10 MP: 3/3
   109 | D:1      | Reached XP level 2. HP: 13/16 MP: 1/5
   604 | D:1      | Reached skill level 1 in Fighting
   605 | D:1      | Reached skill level 1 in Armour
   609 | D:1      | Reached XP level 3. HP: 11/20 MP: 0/6
   614 | D:1      | Learned a level 3 spell: Stone Arrow
   896 | D:2      | Reached skill level 4 in Earth Magic
   948 | D:2      | Noticed Natasha
   952 | D:2      | Killed Natasha
   952 | D:2      | Reached XP level 4. HP: 11/25 MP: 0/7
  1196 | D:2      | Noticed Natasha
  1203 | D:2      | Killed Natasha
  1203 | D:2      | Reached skill level 1 in Conjurations
  1243 | D:2      | Noticed Natasha
  1245 | D:2      | Killed Natasha
  1245 | D:2      | Reached XP level 5. HP: 30/30 MP: 1/9
  1874 | D:3      | Found a transporter.
  1874 | D:3      | Noticed Think's ghost (amateur TeHu)
  1930 | D:3      | Found a transporter.
  1955 | D:3      | Learned a level 5 spell: Lee's Rapid Deconstruction
  2506 | D:3      | Found a glowing golden altar of the Shining One.
  2851 | D:4      | Reached XP level 6. HP: 4/35 MP: 8/10
  3308 | D:4      | Reached skill level 1 in Evocations
  3315 | D:4      | Found Vabbitas's Distillery.
  3555 | D:4      | Slain by a bullfrog

Vault maps used:
D:1:      nzn_arrival_water_spiral, minivault_19, minmay_tromino_i2
D:2:      lemuel_upstairs_altar, serial_forest, infiniplex_forest_clump_small,
          infiniplex_forest_end_3, infiniplex_forest_clump_diagonal,
          infiniplex_forest_straight_4, infiniplex_forest_corner_2,
          infiniplex_forest_clump_small, infiniplex_forest_straight_3,
          uniq_natasha
D:3:      nicolae_tso_swordbearing_angel, gammafunk_ghost_stat_death
D:4:      nicolae_overflow_hidden_temple, minmay_temple_entry_overgrown,
          serial_shops, shop, nicolae_shop_behind_doors,
          kennysheep_big_empty_room, uniq_blork_the_orc

Skill      XL: |  1  2  3  4  5  6 |
---------------+-------------------+-----
Fighting       | 1 2 |  2.5
Armour         | 1 2 |  2.6
Dodging        | 2 |  2.6
Earth Magic    | 4 |  4.7
Conjurations   | 1 2 |  2.1
Spellcasting   | 3 |  3.1
Evocations     | 1 |  1.2
Stealth        | |  2.1
Transmutations | |  0.7

Action                   |  1- 3 |  4- 6 || total
-------------------------+-------+-------++-------
Melee: Unarmed           |    65 |       ||    65
       Hand axe          |    54 |    96 ||   150
       Flail             |       |    62 ||    62
 Cast: Sandblast         |    11 |    26 ||    37
       Stone Arrow       |     1 |     7 ||     8
 Stab: Sleeping          |     1 |     2 ||     3
  Eat: Chunk             |     1 |     9 ||    10
Armor: Robe              |    42 |    63 ||   105
Dodge: Dodged            |   105 |   150 ||   255

Table legend:
 A = Non-vault XP
 B = Vault XP
 C = Vault XP percentage of total XP
 D = Non-vault monster count
 E = Vault monster count
 F = Vault count percentage of total count
                 A         B        C        D         E       F
            +---------+---------+-------+---------+---------+-------
      Total |     477 |      41 |   7.9 |      67 |       3 |   4.3
            +---------+---------+-------+---------+---------+-------
        D:1 |      38 |       6 |  13.6 |      22 |       2 |   8.3
        D:2 |     104 |      35 |  25.2 |      12 |       1 |   7.7
        D:3 |      26 |       0 |   0.0 |      16 |       0 |   0.0
        D:4 |     309 |       0 |   0.0 |      17 |       0 |   0.0
            +---------+---------+-------+---------+---------+-------
